 Dungeon Crawl Stone Soup version 0.32-a0-675-gdc239d62e1 (webtiles) character file.

Game seed: 1956635036528814875

11040 backslashecho the Cleaver (level 12, -2/86 HPs)
             Began as a Formicid Fighter on Mar 12, 2024.
             Was a Priest of Uskayaw.
             Slain by an ice devil (20 damage)
             ... on level 11 of the Dungeon.
             The game lasted 00:34:12 (10589 turns).

backslashecho the Cleaver (Formicid Fighter)       Turns: 10589, Time: 00:34:12

Health: -2/86      AC: 21    Str: 31    XL:     12   Next: 2%
Magic:  23/25      EV:  8    Int:  5    God:    Uskayaw [***...]
Gold:   559        SH:  6    Dex: 13    Spells: 11/11 levels left

rFire   . . .        a - +1 war axe (drain)
rCold   . . .        c - +0 buckler
rNeg    . . .        A - +0 plate armour
rPois   +            (helmet unavailable)
rElec   .            K - +1 cloak
rCorr   +            (no gloves)
SInv    +            y - +0 pair of boots of Responsibility {+Inv rPois Will- rCorr}
Will    +....        (no amulet) Stlth
                     b - +4 ring of protection
HPRegen 0.34/turn    d - ring "Weumongieni" {+Blink Will+ MP+9 Str+6 Int-4}
MPRegen 0.19/turn

%: no passive effects
@: no status effects
A: permanent stasis, dig shafts and tunnels, antennae 3, four strong arms
a: Dig, Shaft Self, Renounce Religion, Evoke Invisibility, Stomp, Line Pass


You were on level 11 of the Dungeon.
You worshipped Uskayaw.
Uskayaw was noncommittal.
You visited 1 branch of the dungeon, and saw 11 of its levels.
You also visited: Bailey.

You collected 559 gold pieces.

Inventory:

Hand Weapons
 a - a +1 war axe of draining (weapon)
 F - a +2 flail of protection
Missiles
 p - 16 poisoned darts (quivered)
 M - 5 curare-tipped darts
Armour
 c - a +0 buckler (worn)
 y - the +0 pair of boots of Responsibility (worn) {+Inv rPois Will- rCorr}
   (You found it on level 5 of the Dungeon)

   rPois:     It protects you from poison.
   Will-:     It decreases your willpower.
   +Inv:      It lets you turn invisible.
   rCorr:     It protects you from acid and corrosion.
 A - a +0 plate armour (worn)
 K - a +1 cloak (worn)
Jewellery
 b - a +4 ring of protection (left hand)
 d - the ring "Weumongieni" (right hand) {+Blink Will+ MP+9 Str+6 Int-4}
   (You found it on level 3 of the Dungeon)

   [ring of strength]

   Str+6:     It affects your strength (+6).
   Int-4:     It affects your intelligence (-4).
   Will+:     It increases your willpower.
   MP+9:      It affects your magic capacity (+9).
   +Blink:    It lets you blink.
 o - a ring of protection from fire
 G - a ring of ice
Wands
 q - a wand of light (2)
 r - a wand of mindburst (21)
 D - a wand of flame (28)
Scrolls
 i - 4 scrolls of fear
 j - a scroll of identify
 l - 2 scrolls of enchant armour
 m - a scroll of poison
 t - a scroll of amnesia
 w - a scroll of immolation
Potions
 e - a potion of brilliance {unknown}
 f - 2 potions of mutation {unknown}
 g - 8 potions of haste {unknown}
 h - 3 potions of magic
 n - 2 potions of berserk rage {unknown}
 s - 5 potions of invisibility
 u - a potion of attraction {unknown}
 v - 6 potions of heal wounds
 z - 2 potions of curing
 B - 3 potions of might
 E - a potion of degeneration {unknown}
 H - a potion of enlightenment {unknown}
 J - a potion of ambrosia {unknown}


   Skills:
 + Level 5.4 Fighting
 * Level 14.2 Axes
 - Level 9.0 Armour
 - Level 9.0 Shields
 + Level 5.5 Invocations


You had 11 spell levels left.
You didn't know any spells.
Your spell library contained the following spells:

 Spells                   Type           Power      Damage    Failure   Level
 Freeze                   Ice            0%         1d3       99%         1
 Summon Small Mammal      Summ           0%         N/A       99%         1
 Sublimation of Blood     Necr           0%         N/A       100%        2
 Call Canine Familiar     Summ           0%         N/A       100%        3
 Dazzling Flash           Conj/Hex       0%         N/A       100%        3
 Frozen Ramparts          Ice            0%         1d1       100%        3
 Hailstorm                Conj/Ice       0%         3d5       100%        3
 Mephitic Cloud           Conj/Alch/Air  0%         N/A       100%        3
 Volatile Blastmotes      Fire/Tloc      0%         2d10      100%        3
 Fulminant Prism          Conj/Alch      0%         3d5       100%        4
 Iskenderun's Mystic Bla  Conj/Tloc      0%         2d3       100%        4
 Petrify                  Alch/Erth      0%         N/A       100%        4
 Summon Blazeheart Golem  Fire/Summ      0%         N/A       100%        4
 Curse of Agony           Necr           0%         N/A       100%        5
 Irradiate                Conj/Alch      0%         3d11      100%        5
 Silence                  Hex/Air        0%         N/A       100%        5


Dungeon Overview and Level Annotations

Branches:
Dungeon (11/15)            Temple (0/1) D:4            Lair (0/5) D:10
    Orc (0/2) D:9          Bailey (visited)

Altars:
Ashenzari
Dithmenos
Gozag
Hepliaklqana
Makhleb
Okawaru
Ru
Uskayaw
Vehumet
Wu Jian
Xom
Zin
The Shining One

Shops:
D:8 =

Annotations:
D:4 3 runed translucent doors, exclusion: 3 doors, BubbleThief's ghost, amateur NaIE
D:6 1 runed translucent door, exclusion: door, pokeman's ghost, novice DEHW
D:10 2 transporters


Innate Abilities, Weirdness & Mutations

You cannot be hasted, slowed, berserked, paralysed or teleported.
You can dig through walls and to a lower floor.
You have a pair of large antennae on your head. (SInv)
Your four strong arms can wield two-handed weapons with a shield.


Message History

The unseen horror misses you.
You hit the unseen horror.
The unseen horror is moderately wounded.
You block the unseen horror's attack.
The unseen horror hits you but does no damage.
You hit the unseen horror but do no damage.
You drain the unseen horror.
The unseen horror is moderately wounded.
You barely miss the ice devil.
The unseen horror hits you but does no damage.
You block the unseen horror's attack. The ice devil barely misses you.
You closely miss the ice devil. You block the unseen horror's attack.
You block the ice devil's attack.
You slash the unseen horror!
The unseen horror is severely wounded.
You hit the ice devil.
You block the unseen horror's attack. x2
The ice devil hits you but does no damage.
You can now pass through a line of other dancers.
You slash the unseen horror!
You kill the unseen horror!
You hit the ice devil but do no damage. The ice devil hits you!
The ice devil freezes you!
Your life force feels restored.
You have reached level 12!
You feel clever.
You take 15 damage, and have 58/86 hp.
MP restored: 25
Aiming: Line Pass
Press: ? - help, Dir - move target The ice devil appears confused.
A white imp comes into view.
The white imp shouts!
You block the ice devil's attack.
You now have 21/25 mp.
You hit the ice devil.
The ice devil is lightly wounded.
The white imp gestures at you.
The puff of frost hits you but does no damage.
You catch the helpless ice devil completely off-guard!
You hit the ice devil.
The ice devil is lightly wounded.
The ice devil seems less confused.
You block the ice devil's attack.
A white imp comes into view.
The white imp shouts!
You hit the ice devil but do no damage.
The ice devil is lightly wounded.
The ice devil closely misses you.
You hit the ice devil but do no damage.
The ice devil is lightly wounded.
The ice devil hits you. The ice devil freezes you!
You take 17 damage, and have 43/86 hp.
You slash the ice devil!
The ice devil is moderately wounded.
The white imp lashes its tail.
The ice devil hits you but does no damage.
You hit the ice devil but do no damage.
The ice devil is moderately wounded.
The white imp shouts, "Bolt, thou villainous hasty-witted nobody!"
You slash the ice devil!
The ice devil is heavily wounded.
You hit the white imp but do no damage.
The ice devil hits you but does no damage.
The white imp gestures at you.
The puff of frost hits you but does no damage.
Uskayaw will force your foes to helplessly watch your dance.
Uskayaw prepares the audience for your solo!
The helpless ice devil fails to defend itself.
You hit the ice devil but do no damage.
The ice devil is heavily wounded.
The helpless white imp fails to defend itself.
You hit the white imp.
The helpless ice devil fails to defend itself.
You hit the ice devil.
The ice devil is heavily wounded.
The helpless white imp fails to defend itself.
You slice the white imp!!
You kill the white imp!
The helpless ice devil fails to defend itself.
You hit the ice devil.
The ice devil is severely wounded.
The ice devil is no longer paralysed.
The ice devil hits you but does no damage.
You hit the ice devil.
The ice devil is severely wounded.
The white imp is no longer paralysed.
The ice devil hits you. The ice devil freezes you!
You take 12 damage, and have 33/86 hp.
You hit the ice devil but do no damage.
The ice devil is severely wounded.
You hit the white imp. The white imp hits you. The white imp freezes you.
You take 5 damage, and have 28/86 hp.
You hit the ice devil.
The ice devil is almost dead.
You slash the white imp!
You kill the white imp!
The ice devil hits you!
* * * LOW HITPOINT WARNING * * *
The ice devil freezes you!!
You die...
Your body falls in perfect tune with the rhythm.

##............
.###
#(#...#<###### .
....#####.######..
# ...........~#
### ~~#......###
#~..##...~# # #~.
##..## #
#~~#..##4..~# #
#.....@..###
...........~#
......#######
'''### .. #


You could see an ice devil.

Vanquished Creatures
  Snorg (D:10)
  3 two-headed ogres
  Maurice (D:8)
  An elephant (D:10)
  An unseen horror (D:11)
  A troll (D:6)
  A hornet (D:7)
  Grinder (D:3)
  2 wyverns
  14 yaks (D:9)
  2 basilisks (D:10)
  A steam dragon (D:4)
  6 vampire mosquitoes
  An acid dragon (D:10)
  2 water moccasins
  3 orc warriors
  A sky beast (D:8)
  2 black bears
  An ice beast (D:7)
  An ogre (D:5)
  A centaur (D:6)
  A phantom (D:6)
  2 kobold brigands
  4 bullfrogs
  A gnoll sergeant (D:7)
  A scorpion (D:5)
  5 wights (D:8)
  10 howler monkeys
  A bombardier beetle (D:5)
  2 jellies (D:5)
  2 hounds
  7 orc priests
  2 gnoll boudas
  2 iguanas (D:5)
  9 orc wizards
  26 gnolls
  5 adders
  4 white imps
  5 dart slugs
  A ribbon worm (D:3)
  39 orcs
  3 bats
  4 endoplasms
  2 giant cockroaches
  8 goblins
  12 hobgoblins
  2 jackals (D:3)
  15 kobolds
  2 quokkas
  12 ball pythons
  7 frilled lizards
  3 rats
246 creatures vanquished.

Notes
Turn   | Place    | Note
-------+----------+-------------------------------------------
     0 | D:1      | backslashecho the Formicid Fighter began the quest for the
                  | Orb.
     0 | D:1      | Reached XP level 1. HP: 18/18 MP: 1/1
   110 | D:1      | Reached XP level 2. HP: 21/24 MP: 2/2
   371 | D:1      | Reached XP level 3. HP: 26/29 MP: 3/3
   453 | D:2      | Found a faded altar of an unknown god.
   458 | D:2      | Prayed at the altar of an unknown god.
   458 | D:2      | Became a worshipper of Uskayaw the Reveller
   458 | D:2      | Reached * piety under Uskayaw
   501 | D:2      | Reached ** piety under Uskayaw
   708 | D:2      | Reached skill level 3 in Axes
  1212 | D:3      | Reached XP level 4. HP: 37/37 MP: 4/4
  1327 | D:3      | Reached skill level 1 in Invocations
  1441 | D:3      | Noticed Grinder
  1450 | D:3      | Reached *** piety under Uskayaw
  1451 | D:3      | Killed Grinder
  1452 | D:3      | Reached skill level 4 in Axes
  1452 | D:3      | Reached skill level 5 in Shields
  1452 | D:3      | Reached XP level 5. HP: 33/43 MP: 4/6
  1452 | D:3      | Reached XP level 6. HP: 37/49 MP: 4/7
  1546 | D:3      | Identified the ring "Weumongieni" {+Blink Will+ MP+9 Str+6
                  | Int-4}
  2267 | D:4      | Found a radiant altar of Vehumet.
  2311 | D:4      | Noticed a steam dragon
  2322 | D:4      | HP: 2/49 [steam dragon (8)]
  2324 | D:4      | Killed a steam dragon
  2325 | D:4      | Reached XP level 7. HP: 2/55 MP: 3/9
  2559 | D:4      | Found a runed translucent gate.
  2559 | D:4      | Found a runed translucent gate.
  2559 | D:4      | Found a runed translucent gate.
  2561 | D:4      | Noticed BubbleThief's ghost (amateur NaIE)
  2683 | D:4      | Found an iron altar of Okawaru.
  2791 | D:4      | Reached skill level 5 in Axes
  3060 | D:4      | Found a staircase to the Ecumenical Temple.
  3268 | D:5      | Entered Level 5 of the Dungeon
  3363 | D:5      | Reached skill level 5 in Fighting
  3434 | D:5      | Found a broken altar of Ashenzari.
  3512 | D:5      | Reached XP level 8. HP: 62/62 MP: 10/10
  3698 | D:5      | Identified the +0 pair of boots of Responsibility {+Inv
                  | rPois Will- rCorr}
  3721 | D:5      | Reached skill level 6 in Axes
  3762 | D:5      | Found a sacrificial altar of Ru.
  4302 | D:6      | Found a runed translucent door.
  4303 | D:6      | Found a shimmering altar of Xom.
  4303 | D:6      | Noticed pokeman's ghost (novice DEHW)
  4303 | D:6      | Noticed a +4 dagger of chaos
  4476 | D:6      | Reached skill level 5 in Invocations
  4694 | D:6      | Noticed a troll
  4717 | D:6      | Killed a troll
  4718 | D:6      | Reached skill level 7 in Axes
  4718 | D:6      | Reached XP level 9. HP: 29/68 MP: 12/12
  5265 | D:7      | Reached skill level 8 in Axes
  5317 | D:7      | Noticed a hornet
  5544 | D:7      | Reached **** piety under Uskayaw
  5545 | D:7      | Reached skill level 9 in Axes
  5545 | D:7      | Reached skill level 9 in Shields
  5546 | D:7      | Reached ***** piety under Uskayaw
  5809 | D:7      | Found a glowing golden altar of the Shining One.
  6037 | D:7      | Killed a hornet
  6071 | D:7      | Reached XP level 10. HP: 63/74 MP: 13/13
  6255 | D:8      | Noticed a two-headed ogre
  6330 | D:8      | Reached skill level 10 in Axes
  6368 | D:8      | HP: 2/74 [two-headed ogre/+0 giant club (4)]
  6369 | D:8      | Killed a two-headed ogre
  6370 | D:8      | Reached skill level 5 in Armour
  6375 | D:8      | Found an opulent altar of Gozag.
  6375 | D:8      | Found a shadowy altar of Dithmenos.
  6706 | D:8      | Reached skill level 11 in Axes
  6812 | D:8      | Found Ubeph's Jewellery Boutique.
  6838 | D:8      | Noticed Maurice
  6850 | D:8      | Killed Maurice
  7249 | D:9      | Reached skill level 12 in Axes
  7252 | D:9      | Reached XP level 11. HP: 46/79 MP: 14/14
  7256 | D:9      | Reached ****** piety under Uskayaw
  7605 | D:9      | Found a hazy altar of Hepliaklqana.
  7655 | D:9      | Found an ornate altar of the Wu Jian Council.
  7972 | D:9      | Reached skill level 13 in Axes
  8153 | D:9      | Found a staircase to the Orcish Mines.
  8200 | D:9      | Found a glowing silver altar of Zin.
  8287 | D:10     | Entered Level 10 of the Dungeon
  8287 | D:10     | Noticed Snorg
  8313 | D:10     | Killed Snorg
  8700 | D:10     | Noticed a rakshasa
  8700 | D:10     | Noticed a rakshasa
  8711 | D:10     | Found a flagged portal.
  8720 | Bailey   | Entered a bailey
  8988 | Bailey   | HP: 2/79 [gnoll/+1 halberd of electrocution (4)]
  9404 | D:10     | Identified the ring of Elitism {rPois Will+ Str+4 Int+6
                  | Dex-4}
  9411 | D:10     | Noticed a death knight
  9412 | D:10     | Found a transporter.
  9412 | D:10     | Found a transporter.
  9413 | D:10     | Noticed a deep elf pyromancer
  9485 | D:10     | Noticed a deep elf pyromancer
  9486 | D:10     | Noticed a flayed ghost
  9554 | D:10     | Found a staircase to the Lair.
  9554 | D:10     | Noticed an elephant
  9770 | D:10     | Found a burning altar of Makhleb.
  9770 | D:10     | Noticed a blizzard demon
  9781 | D:10     | Killed an elephant
 10131 | D:10     | Identified the +0 cloak "Kaick" {MP+9 Int+3}
 10404 | D:11     | Noticed a two-headed ogre
 10415 | D:10     | Killed a two-headed ogre
 10416 | D:10     | Reached skill level 9 in Armour
 10439 | D:11     | Noticed a two-headed ogre
 10469 | D:11     | Reached skill level 14 in Axes
 10471 | D:11     | Killed a two-headed ogre
 10576 | D:11     | Reached XP level 12. HP: 58/86 MP: 16/16
 10589 | D:11     | Slain by an ice devil

Illustrated notes

Levels and vault maps discovered:
D:1:      dpeg_arrival_pond, layout_rooms
D:2:      layout_loops_ring, nicolae_ecumenical_pavilion, grunt_decor_cap,
          minmay_misc_feat_alley, kennysheep_small_spiral
D:3:      layout_loops_ring, uniq_grinder
D:4:      layout_gridville, mainiacjoe_overflow_paths, kennysheep_little_box,
          temple_green, gammafunk_ghost_nasty_kobolds
D:5:      layout_basic, nicolae_ru_great_annihilating_truth,
          ashenzari_conservatory_becter
D:6:      layout_basic, ebering_ghost_xom, minmay_crystal_room
D:7:      layout_basic, lemuel_round_altar, due_unseen_surprise
D:8:      layout_rooms, gammafunk_temple_overflow_elements, serial_shops, shop,
          uniq_maurice
D:9:      hellmonk_crumbling_castle, layout_basic, nzn_wu_jian_contemplation,
          mainiacjoe_overflow_six_doors_small, kennysheep_mini_moat
D:10:     gammafunk_the_bubble [the_bubble_gammafunk_split],
          layout_irregular_city, makhleb_altar_promises_db, david_lair_generic,
          enter_bailey_8, uniq_snorg
D:11:     layout_loops_cross, gauntlet_entry_generic,
          hellmonk_guarded_unrand_frostbite

Skill      XL: |  1  2  3  4  5  6  7  8  9 10 11 |
---------------+----------------------------------+-----
Axes           | 3 4 5 7 9 12 14 | 14.2
Invocations    | 2 3 5 |  5.5
Fighting       | 4 5 |  5.4
Shields        | 5 6 7 9 |  9.0
Armour         | 4 7 9 |  9.0

Action                     |  1- 3 |  4- 6 |  7- 9 | 10-12 || total
---------------------------+-------+-------+-------+-------++-------
  Melee: War axe           |    90 |    70 |   259 |   404 ||   823
  Throw: Dart              |       |       |     6 |     7 ||    13
 Invoke: Line Pass         |       |     1 |     1 |     7 ||     9
         Grand Finale      |       |       |       |     1 ||     1
Ability: Dig               |       |       |     1 |     1 ||     2
  Evoke: Wand              |       |       |     5 |    16 ||    21
    Use: Potion            |       |     1 |       |     1 ||     2
         Scroll            |       |       |       |    17 ||    17
   Stab: Paralysed         |       |     2 |     6 |    29 ||    37
         Invisible         |       |       |     5 |     6 ||    11
         Confused          |       |       |       |     4 ||     4
 Armour: Scale mail        |    74 |    61 |    56 |       ||   191
         Plate armour      |       |       |   141 |   247 ||   388
  Dodge: Dodged            |    38 |    34 |    93 |    97 ||   262
  Block: Buckler           |    26 |    22 |    54 |   120 ||   222

Table legend: (Time is in decaauts)
 A = Elapsed time spent in this place.
 B = Non-inter-level travel time spent in this place.
 C = Inter-level travel time spent in this place.
 D = Time resting spent in this place.
 E = Time spent auto-exploring this place.
 F = Levels seen in this place.
 G = Mean time per level.
                   A        B        C        D        E       F      G
               +--------+--------+--------+--------+--------+-----+--------+
         Total |  10651 |   9718 |    933 |    523 |   6551 |  12 |  887.6 |
       Dungeon |   9990 |   9057 |    933 |    523 |   6142 |  11 |  908.2 |
        Bailey |    660 |    660 |      0 |      0 |    409 |   1 |  660.0 |
               +--------+--------+--------+--------+--------+-----+--------+

Top non-repeatable levels by time:
     D:9: 1399 daAuts
     D:4: 1185 daAuts
     D:6: 1176 daAuts
    D:10: 1168 daAuts
     D:3: 1082 daAuts
     D:8: 867 daAuts
     D:7: 861 daAuts
     D:5: 790 daAuts
     D:2: 779 daAuts
  Bailey: 660 daAuts
     D:1: 526 daAuts
    D:11: 153 daAuts
